 Dungeon Crawl Stone Soup version 0.28.0-53-g5a82cb258f (webtiles) character file.

Game seed: 7304672299743974243

86328 jjjjhere the Blocker (level 16, 0/95 HPs)
             Began as a Kobold Enchanter on Aug 18, 2022.
             Was the Champion of Dithmenos.
             Slain by a white ugly thing (21 damage)
             ... on level 14 of the Dungeon.
             The game lasted 00:58:17 (32585 turns).

jjjjhere the Blocker (Kobold Enchanter)            Turns: 32585, Time: 00:58:18

Health: 0/95       AC: 17    Str:  8    XL:     16   Next: 33%
Magic:  23/30      EV: 16    Int: 35    God:    Dithmenos [******]
Gold:   1683       SH: 13    Dex: 13    Spells: 21/36 levels left

rFire   + . .      SeeInvis .   Z - +3 rapier (venom)
rCold   . . .      Faith    +   L - +0 kite shield
rNeg    + + +      Spirit   .   D - +3 troll leather armour {Snorg}
rPois   .          Reflect  .   p - +2 helmet "Ebah" {rElec rN+++ Dex-2}
rElec   +          Harm     .   j - +0 cloak
rCorr   .          Rampage  .   g - +1 pair of gloves {Stlth+}
Will    +....                   (no boots) Stlth *****+++++
                                Y - amulet of Zoceyclo {Faith rF+ Str+3 Int+4 Stlth+}
HPRegen 1.05/turn               e - +4 ring of protection
MPRegen 0.22/turn               w - +6 ring of intelligence

@: wreathed by umbra
A: small, no large weapons, nightstalker 3
a: Renounce Religion, Shadow Step, Shadow Form


You were on level 14 of the Dungeon.
You worshipped Dithmenos.
Dithmenos was exalted by your worship.
You visited 4 branches of the dungeon, and saw 23 of its levels.
You also visited: Ossuary and Gauntlet.

You collected 1848 gold pieces.
You spent 165 gold pieces at shops.

Inventory:

Hand Weapons
 r - a +3 vampiric short sword
 Z - a +3 rapier of venom (weapon)
Missiles
 f - 14 curare-tipped darts
 i - 42 poisoned darts
 m - 36 boomerangs
 E - 4 throwing nets (quivered)
Armour
 g - a +1 pair of gloves of stealth (worn)
 j - a +0 cloak (worn)
 p - the +2 helmet "Ebah" (worn) {rElec rN+++ Dex-2}
   (You found it on level 2 of the Orcish Mines)

   Dex:       It affects your dexterity (-2).
   rElec:     It insulates you from electricity.
   rN:        It renders you almost immune to negative energy.
 D - a +3 troll leather armour (worn) {Snorg}
 L - a +0 kite shield (worn)
 M - +0 steam dragon scales
 U - a +0 hat of intelligence
Jewellery
 e - a +4 ring of protection (left hand)
 v - a +4 ring of protection
 w - a +6 ring of intelligence (right hand)
 I - a ring of wizardry
 Q - the ring "Plog" {Wiz rPois Dex+3}
   (You found it in a Gauntlet)

   [ring of wizardry]

   It improves your spell success rate.
   Dex:       It affects your dexterity (+3).
   rPois:     It protects you from poison.
 V - a +6 ring of dexterity
 Y - the amulet of Zoceyclo (around neck) {Faith rF+ Str+3 Int+4 Stlth+}
   (You acquired it on level 11 of the Dungeon)

   [amulet of faith]

   It allows you to gain divine favour quickly.
   Str:       It affects your strength (+3).
   Int:       It affects your intelligence (+4).
   rF:        It protects you from fire.
   Stlth:     It makes you more stealthy.
Wands
 q - a wand of paralysis (5)
 y - a wand of charming (6)
 z - a wand of acid (21)
 J - a wand of digging (7)
 R - a wand of flame (13)
 T - a wand of iceblast (8)
 W - a wand of polymorph (8)
Scrolls
 b - 2 scrolls of enchant weapon
 h - 2 scrolls of fear
 B - 11 scrolls of teleportation
 C - 2 scrolls of fog
 K - a scroll of amnesia
 P - 2 scrolls of magic mapping
 S - a scroll of immolation
Potions
 a - a potion of heal wounds
 d - 8 potions of flight
 k - 7 potions of might
 l - 8 potions of lignification
 n - 16 potions of curing
 o - a potion of cancellation
 s - 8 potions of mutation
 t - 2 potions of ambrosia
 u - 3 potions of attraction
 x - 5 potions of degeneration
 A - a potion of berserk rage
 F - 2 potions of haste
 N - 3 potions of resistance
 X - 2 potions of magic
Miscellaneous
 c - a lightning rod (4/4)
 O - a phial of floods


   Skills:
 - Level 8.9 Fighting
 + Level 12.6 Short Blades
 - Level 9.8 Dodging
 - Level 13.0 Stealth
 * Level 13.8 Shields
 - Level 10.6 Spellcasting
 + Level 12.3 Hexes


You had 21 spell levels left.
You knew the following spells:

 Your Spells              Type           Power      Damage    Failure   Level
a - Ensorcelled Hibernat  Hex/Ice        100%       N/A       1%          2
b - Confusing Touch       Hex            81%        N/A       1%          3
c - Tukima's Dance        Hex            81%        N/A       1%          3
d - Dazzling Flash        Conj/Hex       100%       N/A       1%          3
e - Fulminant Prism       Conj/Hex       28%        3d14      7%          4

Your spell library contained the following spells:

 Spells                   Type           Power      Damage    Failure   Level
 Inner Flame              Hex/Fire       57%        N/A       1%          3
 Summon Guardian Golem    Hex/Summ       57%        N/A       1%          3
 Cause Fear               Hex            40%        N/A       1%          4
 Anguish                  Hex/Necr       28%        N/A       7%          4
 Animate Skeleton         Necr           36%        N/A       9%          1
 Magic Dart               Conj           72%        1d6       9%          1
 Pain                     Necr           72%        1d7       9%          1
 Summon Small Mammal      Summ           72%        N/A       9%          1
 Searing Ray              Conj           36%        2d5       13%         2
 Sublimation of Blood     Necr           18%        N/A       13%         2
 Call Canine Familiar     Summ           18%        N/A       26%         3
 Vampiric Draining        Necr           18%        2d7       26%         3
 Enfeeble                 Hex            40%        N/A       41%         7
 Petrify                  Tmut/Erth      18%        N/A       63%         4
 Agony                    Necr           18%        N/A       93%         5
 Excruciating Wounds      Necr           9%         N/A       93%         5
 Irradiate                Conj/Tmut      9%         3d16      93%         5
 Iskenderun's Battlesphe  Conj           18%        2d7       93%         5
 Discord                  Hex            40%        N/A       98%         8
 Iron Shot                Conj/Erth      9%         9d3       100%        6
 Spellforged Servitor     Conj/Summ      9%         N/A       100%        7


Dungeon Overview and Level Annotations

Branches:
Dungeon (14/15)            Temple (1/1) D:4            Lair (6/6) D:8
  Swamp (0/4) Lair:3        Snake (0/4) Lair:2        Slime (0/5) Lair:5
    Orc (2/2) D:10            Elf (0/3) Orc:2        Vaults (0/5) D:13
Ossuary (visited)         Gauntlet (visited)

Altars:
Ashenzari
Cheibriados
Dithmenos
Elyvilon
Fedhas
Gozag
Hepliaklqana
Kikubaaqudgha
Makhleb
Nemelex Xobeh
Okawaru
Qazlal
Ru
Sif Muna
Trog
Uskayaw
Vehumet
Wu Jian
Xom
Yredelemnul
Zin
The Shining One
Beogh
Jiyva

Shops:
D:5 *   Orc:2 [([*


Innate Abilities, Weirdness & Mutations

You are small and have problems with some larger weapons.
You are completely attuned to the shadows.


Message History

The white ugly thing basks in the mutagenic energy from its kin and changes!
You barely miss the brown ugly thing.
The brown ugly thing is almost dead.
Your shadow hits the brown ugly thing but does no damage.
You kill the brown ugly thing!
Dithmenos accepts your kill.
Casting: Dazzling Flash (safe; 1% risk of failure)
Confirm with . or Enter, or press ? or * to list all spells.
Aiming: Tukima's Dance (safe; 1% risk of failure)
Press: ? - help, Shift-Dir - straight line, f - you That would be overly suicidal.
Okay, then.
Unknown command.
Casting: Tukima's Dance (safe; 1% risk of failure)
Confirm with . or Enter, or press ? or * to list all spells.
Casting: Dazzling Flash (safe; 1% risk of failure)
Press: ? - help, Dir - look around, f - activate The white ugly thing kicks you.
The white ugly thing freezes you!!
You puncture the white ugly thing!
The white ugly thing looks as sick as possible!
The white ugly thing is moderately wounded.
Your shadow barely misses the white ugly thing.
The white ugly thing misses you.
You block the white ugly thing's attack.
Casting: Dazzling Flash (safe; 1% risk of failure)
Confirm with . or Enter, or press ? or * to list all spells.
Casting: Dazzling Flash (safe; 1% risk of failure)
Press: ? - help, Dir - look around, f - activate The white ugly thing is dazzled.
The white ugly thing kicks you! The white ugly thing freezes you!
* * * LOW HITPOINT WARNING * * *
You emit a cloud of dark smoke.
You puncture the white ugly thing!
The white ugly thing looks as sick as possible!
The white ugly thing is severely wounded.
Your shadow hits the white ugly thing with a rapier.
The white ugly thing kicks you.
* * * LOW HITPOINT WARNING * * *
The white ugly thing freezes you!!
You die...

#......####.....
#......#..<.....
#.....##........
#.....#.........
##....+.........
#....######....
#.........#
#§§§......#
#§§@§.....#
#§§u§.....#
#§§§§.....#####
#.............#
#.............#
#.#########...####
#.# #......# # #.#
#......### #.#
#.........


You could see a white ugly thing (blind, extremely poisoned).

Vanquished Creatures
  Frances (D:14)
  Gastronok (D:9)
  2 orc warlords
  Snorg (D:12)
  A yaktaur captain (D:13)
  Harold (Lair:2)
  10 hydras
  2 boulder beetles
  Erolcha (D:11)
  5 centaur warriors
  6 two-headed ogres
  A merfolk avatar (Lair:6)
  3 death yaks
  4 orc high priests (Orc:2)
  Urug (D:11)
  A tengu warrior (D:13)
  Sonja (D:12)
  7 skeletal warriors
  A sea snake (Lair:6)
  4 orc knights (Orc:2)
  5 orc sorcerers
  2 deep elf pyromancers
  2 cyclopes
  11 ugly things
  9 elephants
  4 black mambas
  A manticore (Lair:6)
  Maurice (D:10)
  A gargoyle (D:12)
  9 cane toads
  A kobold demonologist (D:11)
  5 rime drakes
  A tengu conjurer (D:13)
  8 komodo dragons
  2 yaktaurs (D:13)
  5 polar bears
  8 trolls
  2 wind drakes (Lair:6)
  2 hornets
  6 slime creatures
  Prince Ribbit (D:5)
  10 blink frogs
  A snapping turtle (Lair:6)
  4 dream sheep (Lair:6)
  A spriggan (shapeshifter) (D:14)
  3 large abominations (Gauntlet)
  A shadow (D:11)
  5 basilisks
  33 yaks
  2 vampire mosquitoes (D:12)
  7 steam dragons
  Menkaure (D:4)
  2 nagas (Lair:2)
  6 wargs
  4 acid dragons
  15 water moccasins
  Duvessa (D:5)
  42 orc warriors
  7 black bears
  13 wolves
  22 centaurs
  7 ogres (Orc:2)
  Blork the orc (D:5)
  5 elf zombies (Ossuary)
  6 kobold brigands
  12 bullfrogs
  A wyvern zombie (D:6)
  6 gnoll sergeants
  2 scorpions
  4 small abominations (Gauntlet)
  A wyvern skeleton (D:7)
  Dowan (D:5)
  2 electric eels (D:10)
  A killer bee (D:8)
  7 wights
  5 howler monkeys
  8 centaur zombies
  2 bullfrog zombies
  2 human zombies (Ossuary)
  Crazy Yiuf (D:5)
  A bullfrog skeleton (D:6)
  30 orc priests
  3 jellies
  A centaur skeleton (D:6)
  3 iguanas
  13 orc wizards
  2 killer bee zombies (D:8)
  A hound zombie (D:5)
  A hound skeleton (D:5)
  A howler monkey zombie (D:8)
  3 mummies (Ossuary)
  19 gnolls
  2 howler monkey skeletons
  11 adders
  2 white imps
  2 ufetubi
  A worm (D:3)
  2 dart slugs
  78 orcs
  6 bats
  5 endoplasms
  A giant cockroach (D:1)
  5 hobgoblins
  3 jackals (D:4)
  16 kobolds
  5 quokkas
  2 ball pythons
  3 frilled lizards
  3 goblins
  7 rats
626 creatures vanquished.

Vanquished Creatures (collateral kills)
  An orc warrior (Orc:2)
  2 orcs (Orc:2)
3 creatures vanquished.

Vanquished Creatures (others)
  2 dancing weapons
  9 fulminant prisms
  82 fungi
  126 plants
  8 withered plants (Gauntlet)
227 creatures vanquished.

Grand Total: 856 creatures vanquished

Notes
Turn   | Place    | Note
-------+----------+-------------------------------------------
     0 | D:1      | jjjjhere the Kobold Enchanter began the quest for the Orb.
     0 | D:1      | Reached XP level 1. HP: 10/10 MP: 3/3
   413 | D:1      | Reached XP level 2. HP: 15/15 MP: 5/5
   416 | D:1      | Learned a level 2 spell: Ensorcelled Hibernation
   966 | D:1      | Reached XP level 3. HP: 19/19 MP: 6/6
   990 | D:1      | HP: 4/19 [kobold/+0 short sword (3)]
  2147 | D:2      | Reached XP level 4. HP: 24/24 MP: 7/7
  2516 | D:3      | Found a glowing silver altar of Zin.
  2649 | D:3      | Reached skill level 5 in Stealth
  2976 | D:3      | Found a faded altar of an unknown god.
  3036 | D:3      | Identified the +3 short sword of the Last Scars {holy, rC-
                  | rCorr Str+2 Dex+8}
  3347 | D:4      | Noticed Menkaure
  3350 | D:4      | Reached XP level 5. HP: 28/28 MP: 9/9
  3491 | D:3      | Learned a level 3 spell: Confusing Touch
  3495 | D:3      | Learned a level 3 spell: Tukima's Dance
  3700 | D:4      | Found a staircase to the Ecumenical Temple.
  3707 | Temple   | Entered the Ecumenical Temple
  3795 | Temple   | Became a worshipper of Dithmenos the Shadowed
  3814 | D:4      | Found a sand-covered staircase.
  3820 | Ossuary  | Entered an ossuary
  3859 | Ossuary  | Reached XP level 6. HP: 25/32 MP: 6/10
  3992 | Ossuary  | Reached skill level 5 in Short Blades
  3992 | Ossuary  | Reached XP level 7. HP: 36/36 MP: 11/11
  4116 | Ossuary  | Reached skill level 5 in Hexes
  4409 | D:4      | Reached XP level 8. HP: 21/41 MP: 7/12
  4611 | D:4      | Killed Menkaure
  4660 | D:4      | Reached * piety under Dithmenos
  5458 | D:5      | Entered Level 5 of the Dungeon
  5488 | D:5      | Found Ynes Naki's Overcharged Wands.
  5528 | D:5      | Found a runed translucent door.
  5531 | D:5      | Noticed Crazy Yiuf
  5685 | D:5      | Found a bloodstained altar of Trog.
  5699 | D:5      | Noticed Blork the orc
  5703 | D:5      | Killed Blork the orc
  5729 | D:5      | Noticed Prince Ribbit
  5731 | D:5      | Killed Prince Ribbit
  5732 | D:5      | Reached XP level 9. HP: 45/45 MP: 13/13
  5736 | D:5      | Learned a level 3 spell: Dazzling Flash
  6108 | D:5      | Reached skill level 10 in Stealth
  6184 | D:5      | Noticed Duvessa
  6184 | D:5      | Noticed Dowan
  6187 | D:5      | Killed Duvessa
  6196 | D:5      | Killed Dowan
  6533 | D:5      | Killed Crazy Yiuf
  6686 | D:6      | Reached XP level 10. HP: 63/63 MP: 13/21
  7681 | D:7      | Reached ** piety under Dithmenos
  8238 | D:7      | Found a sparkling altar of Nemelex Xobeh.
  8385 | D:7      | Found a shimmering blue altar of Sif Muna.
  8918 | D:8      | Reached XP level 11. HP: 65/65 MP: 22/22
  9069 | D:8      | Noticed a two-headed ogre
  9085 | D:8      | Killed a two-headed ogre
  9086 | D:8      | Reached skill level 10 in Short Blades
  9123 | D:8      | Noticed an eight-headed hydra
  9164 | D:8      | Killed an eight-headed hydra
  9164 | D:8      | Reached *** piety under Dithmenos
  9706 | D:8      | Reached skill level 1 in Shields
  9786 | D:8      | Noticed an eight-headed hydra
  9791 | D:8      | Killed an eight-headed hydra
  9899 | D:8      | Found an opulent altar of Gozag.
 10198 | D:8      | Found a glowing golden altar of the Shining One.
 10198 | D:8      | Found a hide-covered altar of Uskayaw.
 10198 | D:8      | Found a bloodstained altar of Trog.
 10202 | D:8      | Found an ornate altar of the Wu Jian Council.
 10202 | D:8      | Found a stormy altar of Qazlal.
 10205 | D:8      | Found a shimmering altar of Xom.
 10373 | D:8      | Found a staircase to the Lair.
 10398 | Lair:1   | Entered Level 1 of the Lair of Beasts
 10477 | Lair:1   | Reached **** piety under Dithmenos
 10576 | Lair:1   | Reached XP level 12. HP: 71/72 MP: 23/25
 10889 | Lair:1   | Reached skill level 5 in Shields
 11781 | Lair:2   | Found a gate leading to a gauntlet.
 11787 | Gauntlet | Entered a Gauntlet
 11787 | Gauntlet | Found a large runed translucent door.
 11787 | Gauntlet | Found a large runed translucent door.
 11787 | Gauntlet | Found a large runed translucent door.
 11787 | Gauntlet | Found a large runed translucent door.
 11793 | Gauntlet | Found a transporter.
 11829 | Gauntlet | Found a transporter.
 11853 | Gauntlet | Noticed a ghost crab
 11860 | Gauntlet | Found a runed translucent gate.
 11861 | Gauntlet | Found a transporter.
 11861 | Gauntlet | Found a runed translucent gate.
 11861 | Gauntlet | Noticed a death scarab
 11862 | Gauntlet | Found a runed translucent gate.
 11871 | Gauntlet | Found a large runed translucent door.
 11871 | Gauntlet | Found a large runed translucent door.
 11871 | Gauntlet | Noticed a catoblepas
 11878 | Gauntlet | Found a transporter.
 11904 | Gauntlet | Found a transporter.
 11918 | Gauntlet | Found a transporter.
 11943 | Gauntlet | Found a transporter.
 11964 | Gauntlet | Found a large runed translucent door.
 11965 | Gauntlet | Found a large runed translucent door.
 11966 | Gauntlet | Found a large runed translucent door.
 11966 | Gauntlet | Found a large runed translucent door.
 11967 | Gauntlet | Found a runed translucent door.
 11968 | Gauntlet | Found a transporter.
 11969 | Gauntlet | Found a runed translucent door.
 11970 | Gauntlet | Found a large runed translucent door.
 11970 | Gauntlet | Found a large runed translucent door.
 11982 | Gauntlet | Found a transporter.
 11987 | Gauntlet | Found a transporter.
 12005 | Gauntlet | Found a transporter.
 12005 | Gauntlet | Identified the amulet "Riky" {Spirit Drain rN+++ Stlth+}
 12021 | Gauntlet | Found a transporter.
 12035 | Gauntlet | Identified the ring "Plog" {Wiz rPois Dex+3}
 12071 | Gauntlet | Reached skill level 10 in Spellcasting
 12088 | Gauntlet | Noticed a minotaur
 12120 | Gauntlet | HP: 23/72 [something (29)]
 12126 | Gauntlet | HP: 16/72 [something (22)]
 12141 | Gauntlet | Identified the +7 war axe "Nuont" {pain, rF- rN++ MP+9
                  | Int+2}
 12391 | Lair:2   | Noticed a five-headed hydra
 12405 | Lair:2   | Killed a five-headed hydra
 12821 | Lair:2   | Found a staircase to the Snake Pit.
 13002 | Lair:2   | Noticed Harold
 13010 | Lair:2   | Killed Harold
 14022 | Lair:3   | Found a staircase to the Swamp.
 14281 | Lair:3   | Reached XP level 13. HP: 76/76 MP: 22/27
 14478 | Lair:3   | Noticed a four-headed hydra
 14480 | Lair:3   | Noticed an eight-headed hydra
 14482 | Lair:3   | Killed a four-headed hydra
 14485 | Lair:3   | Killed an eight-headed hydra
 15302 | Lair:4   | Noticed a boulder beetle
 15338 | Lair:4   | Killed a boulder beetle
 16220 | Lair:5   | Noticed a six-headed hydra
 16230 | Lair:5   | Killed a six-headed hydra
 16492 | Lair:5   | Noticed a boulder beetle
 16501 | Lair:5   | Killed a boulder beetle
 17094 | Lair:5   | Found a viscous altar of Jiyva.
 17094 | Lair:5   | Found a staircase to the Slime Pits.
 17333 | Lair:6   | Entered Level 6 of the Lair of Beasts
 17652 | Lair:6   | Noticed a seven-headed hydra
 17723 | Lair:5   | Killed a seven-headed hydra
 17843 | Lair:6   | Reached skill level 10 in Shields
 17906 | Lair:6   | Noticed a merfolk avatar
 17909 | Lair:6   | Paralysed by a hornet for 1 turns
 18070 | Lair:6   | Noticed a five-headed hydra
 18086 | Lair:5   | Killed a five-headed hydra
 18087 | Lair:5   | Reached XP level 14. HP: 82/82 MP: 20/28
 18263 | Lair:5   | Reached ***** piety under Dithmenos
 18412 | Lair:6   | Reached skill level 10 in Hexes
 18912 | Lair:5   | HP: 25/83 [death yak (15)]
 18945 | Lair:5   | HP: 22/83 [death yak (11)]
 19045 | Lair:5   | HP: 23/83 [death yak (14)]
 19048 | Lair:5   | HP: 7/83 [death yak (16)]
 20187 | Lair:6   | HP: 26/84 [poisoned by a sea snake]
 20192 | Lair:6   | HP: 17/84 [poisoned by a sea snake]
 20940 | Lair:6   | Learned a level 4 spell: Fulminant Prism
 21806 | D:9      | Noticed Gastronok
 21823 | D:9      | Killed Gastronok
 22011 | D:10     | Entered Level 10 of the Dungeon
 22604 | D:10     | Noticed Maurice
 22607 | D:10     | Killed Maurice
 22768 | D:10     | Found a staircase to the Orcish Mines.
 23001 | Orc:1    | Entered Level 1 of the Orcish Mines
 23152 | Orc:1    | Noticed an orc warlord
 23678 | D:11     | Identified a scroll of acquirement
 23678 | D:11     | Acquired the amulet of Zoceyclo {Faith rF+ Str+3 Int+4
                  | Stlth+}
 23988 | D:10     | HP: 15/84 [orc warlord (17)]
 24005 | D:10     | Killed an orc warlord
 24510 | Orc:2    | Entered Level 2 of the Orcish Mines
 24986 | Orc:2    | Reached XP level 15. HP: 89/89 MP: 29/29
 25357 | Orc:2    | Found Jaec's General Store.
 25873 | Orc:2    | Noticed an orc warlord
 25915 | Orc:2    | Killed an orc warlord
 26259 | Orc:2    | Found Aroqeqai's Armour Emporium.
 26376 | Orc:2    | Reached ****** piety under Dithmenos
 26460 | Orc:2    | HP: 23/89 [red devil/+0 trident[an orc high priest] (7)]
 27093 | Orc:2    | Found Todeam's Antique Armour Emporium.
 27109 | Orc:2    | Found Zufiecadd's Weapon Shoppe.
 27311 | Orc:2    | Identified the +2 helmet "Ebah" {rElec rN+++ Dex-2}
 27471 | Orc:2    | Found a staircase to the Elven Halls.
 27879 | Orc:2    | Bought a shimmering robe for 165 gold pieces
 27879 | Orc:2    | Identified the +1 robe of Dautohej {Str+6 Dex-5} (You
                  | bought it in a shop on level 2 of the Orcish Mines)
 29087 | D:11     | Noticed Erolcha
 29088 | D:11     | Noticed Urug
 29091 | D:11     | Killed Erolcha
 29094 | D:11     | Killed Urug
 29879 | D:12     | Noticed Sonja
 29883 | D:12     | Killed Sonja
 30106 | D:12     | Noticed Snorg
 30117 | D:12     | Killed Snorg
 30711 | D:13     | HP: 15/89 [enormous slime creature (69)]
 30786 | D:13     | Found a gate to the Vaults.
 31002 | D:13     | Reached XP level 16. HP: 95/95 MP: 30/30
 31522 | D:13     | Found a snail-covered altar of Cheibriados.
 32174 | D:14     | Noticed Frances
 32186 | D:14     | Killed Frances
 32583 | D:14     | HP: 21/95 [white ugly thing (16)]
 32585 | D:14     | Slain by a white ugly thing

Illustrated notes

Levels and vault maps discovered:
D:1:      saegor_arrival_simple_c, layout_rooms
D:2:      layout_basic
D:3:      layout_basic, nicolae_overflow_crystal_walls,
          ebering_ecumenical_altar_webs, kennysheep_big_empty_room,
          kennysheep_boxes
D:4:      layout_basic, minmay_temple_entry_steel_oval, serial_aquarium,
          aquarium_bridge_straight [aquarium_subvault_bridge,
          aquarium_subvault_balcony, aquarium_subvault_bridge,
          aquarium_subvault_wall], aquarium_window_corridor_1,
          aquarium_window_1, aquarium_window_2, aquarium_view_2e,
          aquarium_view_2f, aquarium_balcony_5a, nicolae_ossuary_entry_monument,
          uniq_menkaure
D:5:      layout_basic, trog_three_pillars_becter,
          chequers_serial_rivers_room_b, nicolae_shop_overcharged_wands,
          uniq_blork_the_orc, uniq_prince_ribbit1, uniq_crazy_yiuf_cottage,
          uniq_duvessa
D:6:      layout_basic
D:7:      layout_basic, pf_just_have_faith, old_standard_altar
D:8:      nzn_winding_woodlands_medium [nzn_winding_woodlands_hourglass,
          nzn_winding_woodlands_5x15_pockets, nzn_winding_woodlands_5x5_three,
          nzn_winding_woodlands_5x5_cross,
          nzn_winding_woodlands_center_triple_pond,
          nzn_winding_woodlands_5x5_perimeter,
          nzn_winding_woodlands_5x5_checkerboard,
          nzn_winding_woodlands_5x15_split_checker,
          nzn_winding_woodlands_5x5_open_star], layout_loops_ring,
          doesnt_xom_only_xom, kennysheep_mini_moat,
          grunt_lair_entry_orc_guard_hut, minmay_misc_feat_ornament,
          minmay_diced_spiral
D:9:      layout_loops_ring, nrook_campfire, kennysheep_crisscross,
          uniq_gastronok
D:10:     layout_irregular_city, orc_0_dummy, minivault_14, uniq_maurice
D:11:     layout_gridville, uniq_urug, uniq_erolcha
D:12:     layout_stronghold, uniq_snorg, uniq_sonja
D:13:     layout_loops_corners, david_vaults_2, serial_glass, glass_columns_a,
          glass_columns_a, glass_columns_a, glass_columns_b, cheibriados_altar_1
D:14:     layout_irregular_city, roderic_lattice_octagonal_star, uniq_frances
Temple:   nicolae_temple_x_marks_the_god
Lair:1:   layout_cave_pods, lemuel_fruit_tree, grunt_megastairs_4
Lair:2:   layout_cellular_growth, guppyfry_snake_entry_garden,
          gauntlet_entry_generic, serial_bayou_pond_d, nicolae_lair_lil_pond,
          uniq_harold
Lair:3:   layout_gridlike, swamp_mist_pool, serial_bayou_pond_a,
          grunt_forest_small_clearing_treed
Lair:4:   layout_hall_layers
Lair:5:   layout_cave_pods, dpeg_slime_entry_enclosed_altar,
          infiniplex_staircase_pool
Lair:6:   gammafunk_lair_ancient_temple, layout_regular_city, wad_woods_river_01
Orc:1:    layout_caves, basic_altar, guppyfry_library_mini, uniq_nergalle
Orc:2:    pubby_orc_utopia

Skill      XL: |  1  2  3  4  5  6  7  8  9 10 11 12 13 14 15 16 |
---------------+-------------------------------------------------+-----
Short Blades   | 2 3 4 5 6 8 9 11 12 | 12.6
Stealth        | 5 6 7 9 10 11 13 | 13.0
Hexes          | 4 5 6 7 9 10 11 12 | 12.3
Spellcasting   | 7 9 10 | 10.6
Fighting       | 7 8 |  8.9
Dodging        | 8 9 |  9.8
Shields        | 3 7 10 11 13 | 13.8

Action                   |  1- 3 |  4- 6 |  7- 9 | 10-12 | 13-15 | 16-18 || total
-------------------------+-------+-------+-------+-------+-------+-------++-------
Melee: Dagger            |    67 |    28 |       |       |       |       ||    95
       Short sword       |       |    49 |   135 |   321 |   382 |       ||   887
       Punch             |       |     1 |     1 |     5 |       |       ||     7
       Rapier            |       |       |       |       |   623 |    76 ||   699
Throw: Dart              |       |     2 |       |       |       |       ||     2
       Throwing net      |       |       |       |       |     3 |       ||     3
 Cast: Ensorcelled Hiber |    16 |     8 |     8 |    98 |   250 |    14 ||   394
       Confusing Touch   |       |     2 |     7 |    16 |    24 |     3 ||    52
       Dazzling Flash    |       |       |       |     1 |    48 |     4 ||    53
       Tukima's Dance    |       |       |       |     1 |    15 |       ||    16
       Fulminant Prism   |       |       |       |       |     9 |       ||     9
Evoke: Wand              |       |       |       |       |     2 |       ||     2
       Lightning rod     |       |       |       |       |     4 |       ||     4
  Use: Scroll            |       |       |     9 |     4 |    12 |     6 ||    31
       Potion            |       |       |     1 |     5 |       |       ||     6
 Stab: Sleeping          |    25 |    11 |    30 |   103 |   229 |    23 ||   421
       Distracted        |       |     4 |     3 |     6 |    10 |     1 ||    24
       Confused          |       |     3 |     6 |    13 |    32 |     3 ||    57
       Invisible         |       |       |       |    13 |    20 |     1 ||    34
       Held in net/web   |       |       |       |       |     1 |       ||     1
Armor: Robe              |     9 |    14 |    25 |    17 |       |       ||    65
       Steam dragon scal |       |       |       |    22 |   121 |       ||   143
       Troll leather arm |       |       |       |       |     9 |    54 ||    63
Dodge: Dodged            |    53 |    31 |    76 |   242 |   548 |    78 ||  1028
Block: Kite shield       |       |       |       |    84 |   548 |    75 ||   707
